 Dungeon Crawl Stone Soup version 0.21-a0-344-g2144152 (webtiles) character file.

47 tidbits the Charmwright (level 3, 17/31 HPs)
             Began as a Gnoll Skald on Oct 4, 2017.
             Quit the game on level 3 of the Dungeon.
             The game lasted 00:03:36 (717 turns).

tidbits the Charmwright (Gnoll Skald)                Turns: 717, Time: 00:03:36

Health: 17/31      AC:  6    Str: 10 (13) XL:     3   Next: 70%
Magic:  9/9        EV:  8    Int: 15 (16) God:
Gold:   91         SH:  0    Dex:  9 (10) Spells: 1/12 levels left

rFire    . . .     SeeInvis .   a - +0 hand axe
rCold    . . .     Gourm    .   (no shield)
rNeg     . . .     Faith    .   B - +0 ring mail
rPois    +         Spirit   .   (no helmet)
rElec    .         Reflect  .   (no cloak)
rCorr    .         Harm     .   (no gloves)
MR       ++...                  F - +0 pair of boots
Stlth    +.........             (no amulet)
HPRegen  0.10/turn              f - ring of poison resistance
MPRegen  0.11/turn              m - ring of protection from magic

@: constricted
A: distributed training, fangs 1, clumsy 2, magic resistance 1, strong nose
a: no special abilities


You were on level 3 of the Dungeon.
You were not hungry.

You visited 1 branch of the dungeon, and saw 3 of its levels.

You collected 91 gold pieces.

Inventory:

Hand Weapons
 a - a +0 hand axe (weapon)
Missiles
 l - 6 javelins (quivered)
Armour
 b - a +0 leather armour
 B - a +0 ring mail (worn)
 F - a +0 pair of boots (worn)
Jewellery
 f - a ring of poison resistance (left hand)
   (You found it on level 1 of the Dungeon)
 m - a ring of protection from magic (right hand)
   (You found it on level 2 of the Dungeon)
Scrolls
 g - 4 scrolls of identify {unknown}
 h - a scroll of fear {unknown}
 k - a scroll of blinking {unknown}
 o - a scroll of enchant weapon {unknown}
Potions
 e - a potion of curing
Books
 c - a book of Battle

   Spells                             Type                      Level
   a - Infusion                       Charms                       1
   b - Shroud of Golubria             Charms/Translocation         2
   c - Song of Slaying                Charms                       2
   d - Spectral Weapon                Hexes/Charms                 3
   e - Regeneration                   Charms/Necromancy            3
Comestibles
 d - 3 bread rations
 n - a meat ration
 q - a royal jelly


   Skills:
 + Level 4.5 Fighting
 + Level 0.9 Short Blades
 + Level 0.9 Long Blades
 + Level 4.5 Axes
 + Level 0.9 Maces & Flails
 + Level 0.9 Polearms
 + Level 0.9 Staves
 + Level 0.9 Slings
 + Level 0.9 Bows
 + Level 0.9 Crossbows
 + Level 0.9 Throwing
 + Level 2.6 Armour
 + Level 4.5 Dodging
 + Level 0.9 Stealth
 + Level 0.9 Shields
 + Level 0.9 Unarmed Combat
 + Level 5.0 Spellcasting
 + Level 0.9 Conjurations
 + Level 0.9 Hexes
 + Level 6.5 Charms
 + Level 0.9 Summonings
 + Level 0.9 Necromancy
 + Level 0.9 Translocations
 + Level 0.9 Transmutations
 + Level 0.9 Fire Magic
 + Level 0.9 Ice Magic
 + Level 0.9 Air Magic
 + Level 0.9 Earth Magic
 + Level 0.9 Poison Magic
 + Level 0.9 Invocations
 + Level 0.9 Evocations


You had one spell level left.
You knew the following spells:

 Your Spells              Type           Power        Failure   Level  Hunger
g - Shroud of Golubria    Chrm/Tloc      ###.......   13%         2    ##.....
i - Infusion              Chrm           ###.         2%          1    None
r - Regeneration          Chrm/Necr      ###.......   26%         3    ###....
w - Spectral Weapon       Hex/Chrm       ###.....     26%         3    ###....
y - Song of Slaying       Chrm           ###.....     4%          2    ##.....


Dungeon Overview and Level Annotations

Branches:
Dungeon (3/15)

Altars:

Annotations:
D:3 Purgy, Terence


Innate Abilities, Weirdness & Mutations

Your experience applies equally to all skills.
You have very sharp teeth.
Your uncanny sense of smell can sniff out nearby items.
You are very clumsy. (Dex -4)
You are resistant to hostile enchantments. (MR+)


Message History

A rat comes into view.
Casting: Spectral Weapon
Confirm with . or Enter, or press ? or * to list all spells.
You draw out your weapon's spirit!
The rat closely misses you.
You hit the rat.
You kill the rat!
Found 6 gold pieces.
Found a stone staircase leading up.
Found a sedimented pink potion.
You now have 91 gold pieces (gained 6).
e - 2 sedimented pink potions (gained 1)
Your spectral weapon fades away.
Found a stone staircase leading down.
There is a stone staircase leading down here.
There is a stone staircase leading down here.
You climb downwards.
There is a stone staircase leading up here.
A frilled lizard comes into view.
The frilled lizard hisses angrily.
Casting: Spectral Weapon
Confirm with . or Enter, or press ? or * to list all spells.
You miscast Spectral Weapon.
You are very lightly contaminated with residual magic.
The frilled lizard barely misses you.
You miss the frilled lizard.
The frilled lizard bites you but does no damage.
You slash the frilled lizard!
You kill the frilled lizard!
You see here a frilled lizard corpse.
You see here a frilled lizard corpse.
There is a stone staircase leading up here.
You climb upwards.
There is a stone staircase leading down here.
Found a stone staircase leading up.
A leopard gecko comes into view.
The leopard gecko hisses angrily.
Your magical contamination has completely faded away.
You hit the leopard gecko.
You kill the leopard gecko!
You see here a leopard gecko corpse.
A ball python comes into view.
The ball python hisses angrily.
Found a club.
Casting: Spectral Weapon
Confirm with . or Enter, or press ? or * to list all spells.
You draw out your weapon's spirit!
The ball python closely misses your spectral weapon.
You swap places.
The ball python closely misses you. x2
The ball python bites you but does no damage.
The ball python closely misses you.
You hit the ball python.
You kill the ball python!
You see here a ball python corpse.
Your spectral weapon fades away.
There is a stone staircase leading down here.
All of the chunks of flesh in your inventory have rotted away.
Found a scroll labeled RYIRAO NEOTAQ.
g - 4 scrolls labeled RYIRAO NEOTAQ (gained 1)
Found a club.
Found a ring mail.
Found an escape hatch in the floor.
Found a stone staircase leading down.
Found 6 javelins.
There is a stone staircase leading down here.
You see here 6 javelins.
l - 6 javelins
There is a stone staircase leading down here.
There is a stone staircase leading down here.
You climb downwards.
A ball python, a worm, a goblin, Terence and Purgy come into view.
Terence shouts!
The ball python hisses angrily.
The goblin shouts!
The ball python barely misses you. The ball python grabs you.
The ball python constricts you. Terence completely misses you.
Found a scroll labeled NUFATU NAMOHA and 15 gold pieces.
There is a stone staircase leading up here.
The ball python's grasp on you weakens, but your attempt to escape fails.
The ball python closely misses you. The ball python constricts you.
Terence says, "How do you enjoy it?" Terence hits you but does no damage.
Unknown command.
It was a potion of curing.
You feel better.
The ball python bites you but does no damage.
The ball python constricts you. Terence hits you with a short sword.
The ball python completely misses you. The ball python constricts you.
Unknown command.
It was a potion of mutation.
You feel extremely strange.
You feel clumsy. x2
You feel resistant to hostile enchantments.
Terence hits you with a short sword.
The ball python bites you but does no damage.
The ball python constricts you.
Okay, then.
It was a potion of degeneration.
There was something very wrong with that liquid.
You feel weakened.
You feel dopey.
You feel clumsy. Terence hits you with a short sword.
The ball python bites you. The ball python constricts you.
It was a potion of cancellation.
You feel magically purged. Terence hits you but does no damage.
The ball python bites you but does no damage.
The ball python constricts you. The worm barely misses you.
Are you sure you want to abandon this character and quit the game? (Confirm with "yes".)

############
##..........##
##.............
...............
#..............
#..............
......@........
......w@S......
......g.T.....#
..#............
.........?.....
...###....$....
.. #......... .
...#......
..##...... ∆ ##


You could see Purgy, Terence, a worm, a goblin and a ball python.

Vanquished Creatures
  An adder (D:2)
  A worm (D:2)
  2 dart slugs (D:1)
  2 leopard geckos
  3 giant cockroaches
  2 goblins
  4 hobgoblins
  3 jackals (D:2)
  A ball python (D:2)
  A bat (D:1)
  4 frilled lizards
  A kobold (D:1)
  4 rats
29 creatures vanquished.

Notes
Turn   | Place    | Note
-------+----------+-------------------------------------------
     0 | D:1      | tidbits the Gnoll Skald began the quest for the Orb.
     0 | D:1      | Reached XP level 1. HP: 20/20 MP: 6/6
   121 | D:1      | Reached XP level 2. HP: 21/26 MP: 4/7
   125 | D:1      | Learned a level 2 spell: Song of Slaying
   128 | D:1      | Learned a level 2 spell: Shroud of Golubria
   367 | D:2      | Reached skill level 5 in Spellcasting
   367 | D:2      | Reached XP level 3. HP: 28/31 MP: 4/9
   372 | D:2      | Learned a level 3 spell: Regeneration
   376 | D:2      | Learned a level 3 spell: Spectral Weapon
   711 | D:3      | Noticed Purgy
   711 | D:3      | Noticed Terence
   714 | D:3      | Gained mutation: You are clumsy. (Dex -2) [potion of mutation]
   714 | D:3      | Gained mutation: You are very clumsy. (Dex -4) [potion of mutation]
   714 | D:3      | Gained mutation: You are resistant to hostile enchantments. (MR+) [potion of mutation]
   717 | D:3      | Quit the game

Vault maps used:
D:1:      co_arrival_square_in_a_square_in_a_square
D:3:      grunt_gozag_breadcrumbs, first_bread, uniq_purgy, uniq_terence

Skill      XL: |  1  2 |
---------------+-------+-----
Spellcasting   | 5 |  5.0
Fighting       | |  4.5
Short Blades   | |  0.9
Long Blades    | |  0.9
Axes           | |  4.5
Maces & Flails | |  0.9
Polearms       | |  0.9
Staves         | |  0.9
Slings         | |  0.9
Bows           | |  0.9
Crossbows      | |  0.9
Throwing       | |  0.9
Armour         | |  2.6
Dodging        | |  4.5
Stealth        | |  0.9
Shields        | |  0.9
Unarmed Combat | |  0.9
Conjurations   | |  0.9
Hexes          | |  0.9
Charms         | |  6.5
Summonings     | |  0.9
Necromancy     | |  0.9
Translocations | |  0.9
Transmutations | |  0.9
Fire Magic     | |  0.9
Ice Magic      | |  0.9
Air Magic      | |  0.9
Earth Magic    | |  0.9
Poison Magic   | |  0.9
Invocations    | |  0.9
Evocations     | |  0.9

Action                   || total
-------------------------++-------
Melee: Hand axe          ||    67
       Bite              ||     5
 Cast: Infusion          ||     7
       Spectral Weapon   ||     4
  Use: Potion            ||     4
Armor: Leather armour    ||     7
       Ring mail         ||    13
Dodge: Dodged            ||    49

Table legend:
 A = Spawn XP
 B = Non-spawn XP
 C = Spawn XP percentage of total XP
 D = Spawn monster count
 E = Non-spawn monster count
 F = Spawn count percentage of total count
 G = Total turns spent on level
                    A         B        C        D         E        F      G
               +---------+---------+-------+---------+---------+-------+---------
         Total |       0 |      68 |   0.0 |       0 |      29 |   0.0 |   717
               +---------+---------+-------+---------+---------+-------+---------
           D:1 |       0 |      28 |   0.0 |       0 |      14 |   0.0 |   308
           D:2 |       0 |      39 |   0.0 |       0 |      14 |   0.0 |   389
           D:3 |       0 |       1 |   0.0 |       0 |       1 |   0.0 |    20
               +---------+---------+-------+---------+---------+-------+---------

Table legend:
 A = Turns spent in this place as a percentage of turns spent in the entire game.
 B = Non-inter-level travel turns spent in this place as a percentage of non-inter-level travel turns spent in the entire game.
 C = Inter-level travel turns spent in this place as a percentage of turns spent in this place.
 D = Turns resting spent in this place as a percentage of non-inter-level travel turns spent in this place.
 E = Turns spent auto-exploring this place as a percentage of non-inter-level travel turns spent in this place.
 F = Non-inter-level travel turns spent in this place divided by the number of levels of this place that you've seen.
                   A       B       C       D       E      F
               +-------+-------+-------+-------+-------+----------------------
         Total | 100.0 | 100.0 |   0.0 |   0.0 |   0.0 | 239.0
       Dungeon | 100.0 | 100.0 |   0.0 |   0.0 |   0.0 | 239.0
               +-------+-------+-------+-------+-------+----------------------

Table legend:
 A = Kills in this place as a percentage of kills in entire the game.
 B = Kills by you in this place as a percentage of kills by you in the entire game.
 C = Kills by friends in this place as a percentage of kills by friends in the entire game.
 D = Other kills in this place as a percentage of other kills in the entire game.
 E = Experience gained in this place as a percentage of experience gained in the entire game.
 F = Experience gained in this place divided by the number of levels of this place that you have seen.
                   A       B       C       D       E      F
               +-------+-------+-------+-------+-------+----------------------
         Total | 100.0 | 100.0 |   N/A |   N/A | 100.0 |  22.7
       Dungeon | 100.0 | 100.0 |   N/A |   N/A | 100.0 |  22.7
               +-------+-------+-------+-------+-------+----------------------

Vault maps used:
D:1:      co_arrival_square_in_a_square_in_a_square
D:3:      grunt_gozag_breadcrumbs, first_bread, uniq_purgy, uniq_terence
